 Dungeon Crawl Stone Soup version 0.15-a0-1224-g3833f9c (webtiles) character file.

1500 MrRokkomies the Protected (level 8, 0/44 HPs)
             Began as a Gargoyle Warper on June 2, 2014.
             Was an Initiate of the Shining One.
             Slain by a gnoll
             ... wielding a +0,+1 spear
              (5 damage)
             ... on Level 6 of the Dungeon.
             The game lasted 00:20:17 (4305 turns).

MrRokkomies the Protected (Gargoyle Warper)         Turns: 4305, Time: 00:20:17

HP   0/44        AC 17     Str 14      XL: 8   Next: 81%
MP  13/13        EV  6     Int 15      God: the Shining One [......]
Gold 212         SH  0     Dex 11      Spells:  3 memorised,  6 levels left

rFire  . . .     SeeInvis .     a - +1,+3 dire flail
rCold  + . .     Clarity  .     g - +0 chain mail
rNeg   + . .     rCorr    .     (no shield)
rPois  +         rRot     +     l - +0 helmet
rElec  +         Spirit   .     (no cloak)
SustAb .         Warding  .     (no gloves)
rMut   .         Stasis   .     (no boots)
Gourm  .                        (no amulet)
MR     .....                    p - ring of regeneration
                                H - ring of protection from cold

@: not resistant to hostile enchantments, extremely unstealthy
A: life protection 1, electricity resistance, unbreathing, petrification
resistance, rot immunity, AC +5
a: Renounce Religion


You were on level 6 of the Dungeon.
You worshipped the Shining One.
The Shining One was noncommittal.
You were not hungry.

You visited 2 branches of the dungeon, and saw 7 of its levels.

You collected 212 gold pieces.

Inventory:

Hand weapons
 a - a +1,+3 dire flail (weapon)
 b - a +0,+0 shortbow
 n - a +0,+0 sling
 E - a +2,+0 mace of holy wrath
Missiles
 e - 5 tomahawks
 k - 8 javelins (quivered)
 o - 7 tomahawks of dispersal
 u - 21 bolts
 A - 48 stones
 G - 32 arrows
Armour
 g - a +0 chain mail (worn)
 l - a +0 helmet (worn)
Comestibles
 f - 2 bread rations
 h - a beef jerky
 m - 3 slices of pizza
 v - a meat ration
 C - a rotting chunk of giant frog flesh
Scrolls
 d - a scroll of immolation {unknown}
 j - a scroll of enchant weapon I
 q - a scroll of recharging {unknown}
 y - a scroll of amnesia
 B - a scroll of teleportation
 I - a scroll of magic mapping
Jewellery
 p - a ring of regeneration (right hand)
 D - an uncursed ring of stealth
 H - a ring of protection from cold (left hand)
 J - an uncursed ring of fire
Potions
 i - a potion of resistance {unknown}
 r - 2 potions of curing
 s - a potion of lignification {unknown}
 w - a potion of haste {unknown}
 x - a potion of restore abilities {unknown}
 z - 2 potions of heal wounds {unknown}
 L - a potion of agility {unknown}
Books
 c - a book of Spatial Translocations

   Spells                             Type                      Level
   *Apportation                       Translocation                1
   *Blink                             Translocation                2
   *Shroud of Golubria                Charms/Translocation         2
   Portal Projectile                  Translocation                3
   Teleport Other                     Translocation                3
   Passage of Golubria                Translocation                4


   Skills:
 - Level 2.1 Fighting
 * Level 6.0 Maces & Flails
 - Level 1.0 Throwing
 * Level 8.3 Armour
 - Level 1.5 Dodging
 - Level 2.0 Spellcasting
 - Level 5.1 Translocations


You had 6 spell levels left.
You knew the following spells:

 Your Spells              Type           Power        Failure   Level  Hunger
a - Apportation           Tloc           ###.......   58%         1    #......
b - Blink                 Tloc           N/A          82%         2    ###....
c - Shroud of Golubria    Chrm/Tloc      #.........   99%         2    ###....


Dungeon Overview and Level Annotations

Branches:
Dungeon (6/15)             Temple (1/1) D:4

Altars:
Ashenzari
Cheibriados
Dithmenos
Elyvilon
Fedhas
Kikubaaqudgha
Makhleb
Nemelex Xobeh
Okawaru
Qazlal
Sif Muna
Trog
Xom
Yredelemnul
Zin
The Shining One

Annotations:
D:2 Grinder


Innate Abilities, Weirdness & Mutations

You are resistant to torment.
You are immune to poison.
Your stone body is very resilient (AC +5).
You resist negative energy.
You are resistant to electric shocks.
You can survive without breathing.
You are immune to petrification.
You are immune to rotting.


Message History

You miss the goblin. The goblin hits you but does no damage.
The gnoll closely misses you.
You puncture the goblin!
You kill the goblin!
The gnoll hits you from afar with a halberd!
The gnoll hits you with a halberd.
You see here a club.
The gnoll hits you but does no damage.
You puncture the gnoll!
You kill the gnoll!
Your Maces & Flails skill increases to level 6!
The gnoll hits you but does no damage. The gnoll hits you but does no damage.
Things that are here:
a halberd; a gnoll corpse Your chain mail prevents you from hitting the gnoll.
The gnoll hits you but does no damage. The goliath beetle bites you!!
* * * LOW HITPOINT WARNING * * *
The gnoll hits you from afar with a spear.
You die...

..#.....###. ..
..#.....######.
..#........#...####
######=....#......
###........#.....
....##.....#...%#
....###'####..gB#
....###.#######)###.#####
..............).@........
....>......).%...........
.....####)##...###..####
#....####..'........#
#....#....##..(.....#
.....#..............#
##..........#.......#
##........#.#......
##........#.#..... .


You could see a goliath beetle and a gnoll.

Vanquished Creatures
  The ghost of primenumbers3 the Covered, an experienced DgWn (D:6)
  An orc warrior (D:5)
  2 ice beasts
  An ogre (D:4)
  A centaur (D:6)
  2 giant frogs (D:6)
  A scorpion (D:6)
  2 vampire bats (D:3)
  2 hounds
  A worker ant (D:4)
  2 orc wizards
  A big kobold zombie (D:5)
  Ijyb (D:3)
  A big kobold skeleton (D:5)
  Terence (D:3)
  7 gnolls
  8 adders
  2 worms
  4 giant geckos
  10 orcs
  A ball python (D:3)
  13 bats
  4 bat skeletons (D:3)
  2 bat zombies (D:3)
  12 hobgoblins
  12 jackals
  3 oozes
  A quokka (D:6)
  2 giant cockroaches
  3 giant newts
  11 goblins
  14 kobolds
  11 rats
  3 rat skeletons
143 creatures vanquished.

Notes
Turn   | Place    | Note
--------------------------------------------------------------
     0 | D:1      | MrRokkomies, the Gargoyle Warper, began the quest for the Orb.
     0 | D:1      | Reached XP level 1. HP: 12/12 MP: 3/3
   233 | D:1      | Reached skill level 3 in Translocations
   261 | D:1      | Reached XP level 2. HP: 12/17 MP: 4/4
   671 | D:2      | Reached XP level 3. HP: 19/21 MP: 6/6
   914 | D:2      | Learned a level 2 spell: Blink
   917 | D:2      | Learned a level 2 spell: Shroud of Golubria
  1124 | D:2      | Reached skill level 4 in Translocations
  1124 | D:2      | Reached XP level 4. HP: 24/26 MP: 7/7
  1681 | D:3      | Noticed Grinder
  1688 | D:3      | Paralysed by Grinder for 5 turns
  1964 | D:3      | Reached XP level 5. HP: 30/30 MP: 9/9
  2398 | D:3      | Found an ancient bone altar of Kikubaaqudgha.
  2434 | D:3      | Reached XP level 6. HP: 35/35 MP: 10/10
  2461 | D:3      | Noticed Terence
  2471 | D:3      | Killed Terence
  2519 | D:3      | Noticed Ijyb
  2529 | D:3      | Killed Ijyb
  2529 | D:3      | Reached skill level 5 in Translocations
  2831 | D:4      | Found a shattered altar of Ashenzari.
  2968 | D:4      | Found a staircase to the Ecumenical Temple.
  2980 | D:4      | Reached skill level 5 in Armour
  2992 | Temple   | Entered the Ecumenical Temple
  3048 | Temple   | Became a worshipper of the Shining One
  3266 | D:5      | Entered Level 5 of the Dungeon
  3266 | D:5      | Found an ancient bone altar of Kikubaaqudgha.
  3304 | D:5      | Found an iron altar of Okawaru.
  3305 | D:5      | Found a shattered altar of Ashenzari.
  3376 | D:5      | Reached XP level 7. HP: 32/40 MP: 12/12
  3389 | D:5      | Found a shimmering altar of Xom.
  3677 | D:6      | Found a sparkling altar of Nemelex Xobeh.
  3689 | D:6      | Noticed primenumbers3's ghost (experienced DgWn)
  3720 | D:6      | Reached skill level 6 in Armour
  3753 | D:6      | Killed primenumbers3's ghost
  3753 | D:6      | Reached skill level 7 in Armour
  3753 | D:6      | Reached XP level 8. HP: 34/44 MP: 13/13
  3998 | D:6      | Reached skill level 5 in Maces & Flails
  4065 | D:6      | Reached skill level 8 in Armour
  4305 | D:6      | Slain by a gnoll

Action                   |  1- 3 |  4- 6 |  7- 9 || total
-------------------------+-------+-------+-------++-------
Melee: Mace              |    45 |     3 |    44 ||    92
       Short sword       |    75 |   233 |       ||   308
       Dire flail        |       |    14 |   222 ||   236
 Fire: Shortbow          |       |       |     2 ||     2
Throw: Javelin           |       |     2 |       ||     2
Evoke: Wand              |       |       |     1 ||     1
  Use: Scroll            |     7 |     5 |     3 ||    15
       Potion            |       |       |     2 ||     2
